Map: Base du roi Sejong EC

Players

zidar - Winner!

  • Race: Zerg Zerg
  • League: Platinum
  • Spawn Location: 11:00

Perman

  • Race: Zerg Zerg
  • League: Platinum
  • Spawn Location: 5:00

VOD

Have the link to the VOD?

Description

Time

  • Played on: Oct. 12, 2016, 2:03 p.m.
  • Length: 11:38
Show
View Real Time Build Order
Export as new Build Order

zidar Zerg - Winner!

Build Orders: Pool First 

Get SALT Encoding   

  12  0:01  Drone  
  13  0:12  Overlord  
  13  0:16  Drone  
  14  0:27  Extractor  
  13  0:40  Spawning Pool  
  13  0:41  Drone  
  13  0:58  Drone  
  13  1:03  Overlord  
  14  1:07  Overlord  
  14  1:26  Queen  
  14  1:31  Metabolic Boost  
  16  1:45  Zergling x6  
  19  1:59  Zergling x2  
  20  2:18  Hatchery  
  20  2:21  Zergling x2  
  20  2:22  Zergling x2  
  21  2:35  Zergling x4  
  21  2:36  Zergling x2  
  24  3:09  Baneling Nest, Zergling x10  
  24  3:10  Zergling x2  
  25  3:38  Zergling x2  
  25  3:39  Zergling x6  
  18  4:31  Zergling x6  
  17  4:49  Zergling x6  
  17  4:50  Zergling x2  
  21  5:01  Hatchery  
  21  5:04  Zergling x4  
  22  5:10  Baneling  
  22  5:11  Baneling x5  
  23  5:14  Zergling x6  
  21  5:55  Zergling x2  
  21  5:56  Zergling x12  
  28  6:12  Overlord x2  
  28  6:43  Zergling x2  
  28  6:44  Zergling x10  
  33  7:17  Zergling x2  
  33  7:19  Zergling x10  
  39  7:36  Zergling x2  
  40  7:38  Zergling x6  
  43  8:24  Lair  
  43  8:27  Drone x6  
  49  9:39  Overlord x3  
  49  9:40  Overlord x2  
  49  10:03  Drone x13  
  62  10:33  Spire  
  62  10:34  Extractor  
  60  10:37  Extractor  
  60  10:40  Extractor  
  58  10:44  Extractor  
  58  10:47  Extractor  
Show
View Real Time Build Order
Export as new Build Order

Perman Zerg 

Build Orders: Hatch First 

Get SALT Encoding   

  12  0:02  Drone  
  13  0:08  Drone  
  14  0:41  Hatchery, Drone  
  14  0:50  Overlord  
  14  1:03  Spawning Pool  
  13  1:06  Drone  
  14  1:16  Drone x2  
  16  1:19  Drone  
  17  1:29  Drone  
  18  1:35  Extractor  
  17  1:43  Drone  
  18  1:52  Queen, Drone  
  21  1:55  Drone  
  22  2:02  Queen  
  24  2:10  Drone  
  24  2:11  Overlord  
  24  2:15  Drone  
  26  2:16  Drone  
  27  2:29  Drone  
  28  2:37  Queen, Zergling x6  
  33  2:48  Drone  
  34  2:53  Evolution Chamber  
  33  3:11  Overlord, Drone x3  
  33  3:12  Overlord  
  36  3:19  Zergling x2  
  34  3:30  Zergling x6  
  34  3:36  Zergling x4  
  34  3:37  Zergling x4  
  28  3:57  Zergling x6  
  28  3:58  Zergling x2  
  19  4:11  Zergling x2  
  19  4:12  Zergling x6  
  19  4:14  Metabolic Boost  
  22  4:18  Zergling x2  
  22  4:19  Zergling x2  
  16  5:00  Drone  
  16  5:02  Drone  
  16  5:06  Drone  
  19  5:14  Drone x2  
  21  5:33  Spine Crawler  
  21  5:35  Spine Crawler  
  2  7:10  Hatchery  
Tags
 
Add a new tag
Caveats
  • Supply blocks, unpowered buildings, or Contaminate may cause inaccurate times.
  • Supply counts are checked every 10 seconds.